 Dungeon Crawl Stone Soup version 0.30.0-29-ga12c61a403 (webtiles) character file.

Game seed: 5882525251111647472

12023 cheesebisquit the Skirmisher (level 11, -7/67 HPs)
             Began as a Gargoyle Hunter on June 3, 2023.
             Was an Elder of Dithmenos.
             Shot with an arrow by a centaur warrior (28 damage)
             ... on level 11 of the Dungeon.
             The game lasted 00:32:36 (9284 turns).

cheesebisquit the Skirmisher (Gargoyle Hunter)      Turns: 9284, Time: 00:32:36

Health: -7/67      AC: 16    Str: 15    XL:     11   Next: 86%
Magic:  11/11      EV: 36    Int: 14    God:    Dithmenos [****..]
Gold:   624        SH:  0    Dex: 23    Spells: 10/10 levels left

rFire   . . .        d - +5 sling (freeze)
rCold   + . .        (no shield)
rNeg    + . .        A - +1 leather armour of Inevitability {rC+ Int+4}
rPois   ∞            u - +0 helmet
rElec   +            j - +0 cloak
rCorr   .            (no gloves)
SInv    .            t - +0 pair of boots
Will    .....        k - amulet of the acrobat
Stlth   ++++++       q - +5 ring of evasion
HPRegen 0.31/turn    c - +6 ring of dexterity
MPRegen 0.12/turn

%: acrobat
@: acrobatic, wreathed by umbra
A: sickness immunity, AC +8, negative energy resistance 1, electricity
resistance, torment resistance 1, petrification resistance
a: Renounce Religion, Shadow Step


You were on level 11 of the Dungeon.
You worshipped Dithmenos.
Dithmenos was greatly pleased with you.
You visited 2 branches of the dungeon, and saw 12 of its levels.
You also visited: Ossuary and Bailey.

You collected 669 gold pieces.
You spent 45 gold pieces at shops.

Inventory:

Hand Weapons
 a - a +0 shortbow
 d - a +5 sling of freezing (weapon)
 l - a +2 dagger of speed
 R - a +3 morningstar
 Y - a +1 arbalest of draining
Missiles
 p - 4 silver javelins
 r - 8 boomerangs
 J - a curare-tipped dart
 K - 36 poisoned darts
 P - 4 throwing nets
Armour
 j - a +0 cloak (worn)
 t - a +0 pair of boots (worn)
 u - a +0 helmet (worn)
 w - a +2 chain mail of fire resistance
 A - the +1 leather armour of Inevitability (worn) {rC+ Int+4}
   (You found it on level 4 of the Dungeon)

   Int:       It affects your intelligence (+4).
   rC:        It protects you from cold.
Jewellery
 c - a +6 ring of dexterity (right hand)
 k - an amulet of the acrobat (around neck)
 q - a +5 ring of evasion (left hand)
 v - a +5 ring of evasion
 E - the ring "Juhum" {+Blink rCorr Str+5 Int+6 Dex+3}
   (You found it in a bailey)

   [ring of intelligence]

   Str:       It affects your strength (+5).
   Int:       It affects your intelligence (+6).
   Dex:       It affects your dexterity (+3).
   +Blink:    It lets you blink.
   rCorr:     It protects you from acid and corrosion.
Wands
 F - a wand of paralysis (11)
 S - a wand of polymorph (6)
 T - a wand of iceblast (8)
 U - a wand of flame (6)
 W - a wand of digging (2)
 X - a wand of light (7)
Scrolls
 b - 2 scrolls of immolation
 e - a scroll of brand weapon {unknown}
 f - a scroll of vulnerability
 g - 7 scrolls of teleportation
 m - a scroll of poison {unknown}
 n - a scroll of torment
 x - a scroll of fog {unknown}
 y - a scroll of summoning {unknown}
 B - a scroll of enchant armour {unknown}
 C - a scroll of amnesia
 H - a scroll of fear {unknown}
 V - a scroll of blinking
Potions
 i - 2 potions of lignification
 o - 2 potions of curing
 s - a potion of mutation
 z - 3 potions of attraction
 D - 2 potions of haste
 G - 2 potions of brilliance
 I - 3 potions of cancellation
 L - a potion of might {unknown}
 M - a potion of magic {unknown}
 N - 2 potions of berserk rage
 O - a potion of ambrosia {unknown}
 Q - 2 potions of flight {unknown}


   Skills:
 + Level 7.5 Fighting
 + Level 14.5 Ranged Weapons
 - Level 5.0 Armour
 + Level 5.6 Dodging
 + Level 7.8 Stealth


You had 10 spell levels left.
You didn't know any spells.
Your spell library contained the following spells:

 Spells                   Type           Power      Damage    Failure   Level
 Necrotise                Necr           0%         1d4       34%         1
 Sandblast                Erth           0%         2d4       34%         1
 Passwall                 Tmut/Erth      0%         N/A       45%         2
 Poisonous Vapours        Pois/Air       0%         N/A       45%         2
 Mephitic Cloud           Conj/Pois/Air  0%         N/A       71%         3
 Stone Arrow              Conj/Erth      0%         3d7       71%         3
 Tukima's Dance           Hex            0%         N/A       71%         3
 Vampiric Draining        Necr           0%         2d6       71%         3
 Animate Armour           Summ/Erth      0%         N/A       98%         4
 Leda's Liquefaction      Hex/Erth       0%         N/A       98%         4
 Passage of Golubria      Tloc           0%         N/A       98%         4
 Agony                    Necr           0%         N/A       100%        5
 Blade Hands              Tmut           0%         N/A       100%        5
 Freezing Cloud           Conj/Ice/Air   0%         6-21      100%        5
 Lee's Rapid Deconstruct  Erth           0%         3d4*      100%        5
 Yara's Violent Unravell  Hex/Tmut       0%         3d3       100%        5
 Iron Shot                Conj/Erth      0%         9d1       100%        6
 Statue Form              Tmut/Erth      Unusable   N/A       N/A         6

Dungeon Overview and Level Annotations

Branches:
Dungeon (11/15)            Temple (1/1) D:6            Lair (0/5) D:9
    Orc (0/2) D:10        Ossuary (visited)          Bailey (visited)

Altars:
Ashenzari
Cheibriados
Dithmenos
Elyvilon
Fedhas
Gozag
Hepliaklqana
Kikubaaqudgha
Makhleb
Nemelex Xobeh
Okawaru
Qazlal
Ru
Sif Muna
Trog
Uskayaw
Vehumet
Wu Jian
Xom
Yredelemnul
Zin
The Shining One

Shops:
D:1 [   D:2 [

Annotations:
D:4 2 transporters, Menkaure


Innate Abilities, Weirdness & Mutations

You are immune to sickness and miasma.
Your stone body is resilient. (AC +8)
You are immune to poison.
You resist negative energy. (rN+)
You are resistant to electric shocks. (rElec)
You are resistant to unholy torment.
You are immune to petrification.


Message History

The centaur warrior shoots an arrow.
The arrow misses you.
You hear a shout! x2
You shoot a sling bullet. The yak bellows!
The sling bullet hits the orc wizard!
The sling bullet freezes the orc wizard.
You kill the orc wizard!
Dithmenos accepts your kill.
The centaur wields a +0 shortbow.
The centaur shoots an arrow.
The arrow hits you.
A centaur warrior comes into view.
The centaur warrior shoots an arrow.
The arrow completely misses you.
You shoot a sling bullet.
The sling bullet hits the centaur warrior!
The sling bullet freezes the centaur warrior.
The centaur warrior is moderately wounded.
Your shadow shoots a sling bullet.
The sling bullet hits the centaur warrior.
A yak comes into view.
The orc warrior shoots a bolt.
The bolt barely misses you.
The centaur shoots an arrow.
The arrow barely misses you.
You hear a shout!
You shoot a sling bullet.
The sling bullet closely misses the orc.
You hear a shout!
The centaur warrior shoots an arrow.
The arrow hits you!!
An orc comes into view. It is wielding a +0 club.
The orc warrior shoots a bolt.
The bolt hits you.
You are too injured to fight recklessly!
You are too injured to fight recklessly!
You are too injured to fight recklessly!
You are too injured to fight recklessly!
The orc warrior shoots a bolt.
The bolt completely misses you.
You hear a shout!
The centaur warrior wields a +0 longbow.
The centaur warrior shoots an arrow.
The arrow hits you!
The centaur shoots an arrow.
The arrow hits you.
* * * LOW HITPOINT WARNING * * *
The centaur warrior shoots an arrow.
The arrow hits you!!
You die...

..........# #........
..........###........
..o..................
....o................
..occ.c..............
...............~~~...
.....†.........~~~...
##..).........~~~...
#..Y.~~~@..........
#..).~≈≈...........
....YY.~~≈...........
...Y.................
.....................
.....................
.............<.......
..................
...............


You could see 2 centaur warriors, 4 yaks, a centaur and an orc.

Vanquished Creatures
  3 two-headed ogres
  Maurice (D:10)
  A kobold demonologist (D:10)
  Grinder (D:3)
  3 wyverns (D:9)
  17 yaks
  A basilisk (D:9)
  4 vampire mosquitoes (D:10)
  2 steam dragons
  An acid dragon (D:11)
  9 water moccasins
  3 orc warriors
  2 black bears
  2 ogres (D:5)
  5 wolves (Bailey)
  2 centaurs (D:9)
  A phantom (D:5)
  3 elf zombies (Ossuary)
  4 kobold brigands
  2 bullfrogs
  8 gnoll sergeants (Bailey)
  3 scorpions (D:7)
  8 wights
  3 electric eels (D:7)
  6 howler monkeys
  2 centaur zombies (Ossuary)
  2 human zombies (Ossuary)
  2 jellies
  5 gnoll boudas
  2 orc priests
  7 hounds
  5 iguanas
  3 sleepcaps
  Terence (D:3)
  4 orc wizards
  2 mummies (Ossuary)
  17 gnolls
  7 adders
  A white imp (D:7)
  2 ufetubi
  2 adder zombies (Ossuary)
  A worm (D:2)
  4 dart slugs
  22 orcs
  2 bats
  8 endoplasms
  3 giant cockroaches
  8 goblins
  7 hobgoblins
  5 jackals (D:4)
  5 quokkas
  5 ball pythons
  6 frilled lizards
  4 goblin zombies (Ossuary)
  11 hobgoblin zombies (Ossuary)
  22 kobolds
  6 kobold zombies (Ossuary)
  7 orc zombies (Ossuary)
  6 rats
291 creatures vanquished.

Notes
Turn   | Place    | Note
-------+----------+-------------------------------------------
     0 | D:1      | cheesebisquit the Gargoyle Hunter began the quest for the
                  | Orb.
     0 | D:1      | Reached XP level 1. HP: 12/12 MP: 1/1
   293 | D:1      | Reached XP level 2. HP: 17/17 MP: 2/2
   316 | D:1      | Found Hugetzus's Armour Shop.
   404 | D:1      | Found a faded altar of an unknown god.
   894 | D:2      | Reached skill level 5 in Ranged Weapons
   894 | D:2      | Reached XP level 3. HP: 19/21 MP: 3/3
  1213 | D:2      | Reached XP level 4. HP: 26/26 MP: 4/4
  1542 | D:2      | Found Hesm's Armour Emporium.
  1546 | D:2      | Bought a +0 pair of boots for 45 gold pieces
  1748 | D:3      | Noticed Terence
  1757 | D:3      | Killed Terence
  1758 | D:3      | Reached skill level 6 in Ranged Weapons
  2073 | D:3      | Noticed Grinder
  2095 | D:3      | Paralysed by Grinder for 4 turns
  2110 | D:3      | Killed Grinder
  2111 | D:3      | Reached skill level 7 in Ranged Weapons
  2111 | D:3      | Reached XP level 5. HP: 29/30 MP: 5/5
  2111 | D:3      | Reached XP level 6. HP: 34/35 MP: 6/6
  2375 | D:4      | Found a transporter.
  2412 | D:4      | Identified the +1 leather armour of Inevitability {rC+
                  | Int+4}
  2569 | D:4      | Reached skill level 8 in Ranged Weapons
  2590 | D:4      | Reached XP level 7. HP: 40/40 MP: 7/7
  2888 | D:4      | Found a basalt altar of Yredelemnul.
  2889 | D:4      | Noticed Menkaure
  2917 | D:4      | Found a transporter.
  3093 | D:4      | Found an ancient bone altar of Kikubaaqudgha.
  3158 | D:5      | Entered Level 5 of the Dungeon
  3297 | D:5      | Reached skill level 9 in Ranged Weapons
  3363 | D:5      | Reached XP level 8. HP: 29/44 MP: 8/8
  3379 | D:5      | Reached skill level 10 in Ranged Weapons
  3761 | D:6      | Found a staircase to the Ecumenical Temple.
  3771 | Temple   | Entered the Ecumenical Temple
  3935 | Temple   | Became a worshipper of Dithmenos the Shadowed
  4011 | D:6      | Found an ornate altar of the Wu Jian Council.
  4012 | D:6      | Found a burning altar of Makhleb.
  4018 | D:6      | Found an iron altar of Okawaru.
  4020 | D:6      | Found an opulent altar of Gozag.
  4020 | D:6      | Found a glowing silver altar of Zin.
  4020 | D:6      | Found a broken altar of Ashenzari.
  4020 | D:6      | Found a shimmering blue altar of Sif Muna.
  4022 | D:6      | Found a hide-covered altar of Uskayaw.
  4162 | D:6      | Found a radiant altar of Vehumet.
  4162 | D:6      | Found a snail-covered altar of Cheibriados.
  4362 | D:6      | Identified the +6 chain mail of Kionguuw {rN+}
  4423 | D:6      | Reached skill level 11 in Ranged Weapons
  4681 | D:6      | Reached * piety under Dithmenos
  5006 | D:6      | Reached XP level 9. HP: 26/48 MP: 9/9
  5095 | D:7      | Reached skill level 12 in Ranged Weapons
  5232 | D:7      | Found a hazy altar of Hepliaklqana.
  5434 | D:7      | Found a sand-covered staircase.
  5441 | Ossuary  | Entered an ossuary
  5535 | Ossuary  | Reached skill level 13 in Ranged Weapons
  5629 | Ossuary  | Reached ** piety under Dithmenos
  6382 | D:8      | Reached skill level 14 in Ranged Weapons
  6453 | D:8      | Found a flagged portal.
  6464 | Bailey   | Entered a bailey
  6475 | Bailey   | Reached XP level 10. HP: 52/54 MP: 10/10
  6528 | Bailey   | Reached skill level 1 in Armour
  6837 | Bailey   | Reached *** piety under Dithmenos
  7051 | Bailey   | Identified the ring "Juhum" {+Blink rCorr Str+5 Int+6
                  | Dex+3}
  7392 | D:8      | Found a white marble altar of Elyvilon.
  7584 | D:9      | Found a faded altar of an unknown god.
  7630 | D:9      | Reached skill level 5 in Fighting
  7630 | D:9      | Reached skill level 5 in Stealth
  7741 | D:9      | Found a staircase to the Lair.
  7788 | D:9      | Noticed a two-headed ogre
  7795 | D:9      | Killed a two-headed ogre
  7796 | D:9      | Reached skill level 5 in Armour
  7796 | D:9      | Reached XP level 11. HP: 64/64 MP: 11/11
  7900 | D:9      | Noticed a two-headed ogre
  7907 | D:9      | Killed a two-headed ogre
  8181 | D:9      | Reached **** piety under Dithmenos
  8400 | D:10     | Entered Level 10 of the Dungeon
  8440 | D:10     | Noticed a soul eater
  8627 | D:10     | Reached skill level 5 in Dodging
  8822 | D:10     | Noticed Maurice
  8833 | D:10     | Killed Maurice
  8866 | D:10     | Noticed a two-headed ogre
  8873 | D:10     | Killed a two-headed ogre
  8914 | D:10     | Found a staircase to the Orcish Mines.
  9012 | D:10     | You fall into a shaft and drop 1 floor!
  9270 | D:11     | Noticed a centaur warrior
  9279 | D:11     | Noticed a centaur warrior
  9284 | D:11     | Shot with an arrow by a centaur warrior

Illustrated notes

Levels and vault maps discovered:
D:1:      dpeg_arrival_castle, layout_basic, ebering_ecumenical_altar_mist,
          serial_shops, shop, minmay_liquid_box, corexii_leaking_fountain,
          grunt_decor_cap
D:2:      layout_basic, serial_shops, shop
D:3:      layout_basic, uniq_terence, uniq_grinder
D:4:      layout_cave_pods, gammafunk_temple_of_torment
D:5:      layout_rooms
D:6:      nicolae_cairo_tiling_large, layout_gridville, minitemple,
          nicolae_overflow_two_pavilions, temple_pool_b
D:7:      layout_basic, general_overflow_altar, nicolae_ossuary_entry_ruins,
          nrook_campfire, grunt_ministairs_3, serial_bayou_lake_a
D:8:      layout_cave_pools, lemuel_round_altar, enter_bailey_5
D:9:      layout_irregular_city, minmay_lair_entry_grove, serial_column_ruins,
          column_ruins_temple_circle, column_ruins_hut_ruined,
          column_ruins_columns_T, column_ruins_open_small,
          column_ruins_open_medium, column_ruins_columns_dead_end,
          column_ruins_open_tiny
D:10:     layout_roguey, orc_0_dummy, st_stairs_1, uniq_maurice
D:11:     layout_big_octagon, enter_trove_3
Temple:   hellmonk_temple_forest_ring

Skill      XL: |  1  2  3  4  5  6  7  8  9 10 11 |
---------------+----------------------------------+-----
Ranged Weapons | 5 7 8 9 11 14 | 14.5
Armour         | 5 |  5.0
Dodging        | 4 5 |  5.6
Stealth        | 5 7 |  7.8
Fighting       | 5 7 |  7.5

Action                     |  1- 3 |  4- 6 |  7- 9 | 10-12 || total
---------------------------+-------+-------+-------+-------++-------
   Fire: Shortbow          |    36 |       |       |       ||    36
         Sling             |    80 |   131 |   479 |   512 ||  1202
    Use: Scroll            |       |       |    17 |     1 ||    18
         Potion            |       |       |       |     4 ||     4
 Armour: Leather armour    |    25 |     7 |    67 |    46 ||   145
  Dodge: Dodged            |    44 |    53 |   197 |   213 ||   507
